 Dungeon Crawl Stone Soup version 0.27.1-3-gb3d3a73c9e (webtiles) character file.

Game seed: 2440190077754690881

298 rogsnak the Magician (level 6, -5/44 HPs)
             Began as a Gnoll Hedge Wizard on Oct 22, 2021.
             Slain by an orc warrior (16 damage)
             ... on level 4 of the Dungeon.
             The game lasted 00:10:38 (4633 turns).

rogsnak the Magician (Gnoll Hedge Wizard)           Turns: 4633, Time: 00:10:39

Health: -5/44      AC:  2    Str: 16    XL:     6   Next: 35%
Magic:  9/16       EV: 13    Int: 15    God:
Gold:   145        SH:  0    Dex: 11    Spells: 13/19 levels left

rFire    . . .     SeeInvis .   x - +1 dagger (venom)
rCold    . . .     Faith    .   (no shield)
rNeg     . . .     Spirit   .   b - +0 robe
rPois    +         Reflect  .   c - +0 hat
rElec    .         Harm     .   (no cloak)
rCorr    .         Rampage  .   (no gloves)
Will     .....                  (no boots)
Stlth    +++.......             (no amulet)
HPRegen  0.14/turn              f - ring of poison resistance
MPRegen  0.15/turn              m - +6 ring of strength

@: no status effects
A: fangs 1, strong nose, distributed training
a: no special abilities


You were on level 4 of the Dungeon.
You visited 1 branch of the dungeon, and saw 4 of its levels.

You collected 145 gold pieces.

Inventory:

Hand Weapons
 a - a +0 dagger
 h - a +2 dagger of flaming
 x - a +1 dagger of venom (weapon)
Missiles
 o - 21 sling bullets
 r - 4 poisoned darts
 s - 20 arrows
 w - 39 stones
Armour
 b - a +0 robe (worn)
 c - a +0 hat (worn)
Magical Staves
 i - a staff of earth
Jewellery
 f - a ring of poison resistance (left hand)
 m - a +6 ring of strength (right hand)
Scrolls
 d - 4 scrolls of teleportation {unknown}
 e - a scroll of silence {unknown}
 g - a scroll of fear {unknown}
 j - a scroll of enchant armour {unknown}
 l - 3 scrolls of identify {unknown}
 n - a scroll of magic mapping {unknown}
Potions
 k - a potion of heal wounds {unknown}
 p - a potion of lignification {unknown}
 q - a potion of flight {unknown}
 t - a potion of curing {unknown}
 u - 2 potions of brilliance {unknown}
 v - a potion of attraction {unknown}


   Skills:
 + Level 1.9 Fighting
 + Level 1.9 Short Blades
 + Level 1.9 Long Blades
 + Level 1.9 Axes
 + Level 1.9 Maces & Flails
 + Level 1.9 Polearms
 + Level 1.9 Staves
 + Level 1.9 Slings
 + Level 1.9 Bows
 + Level 1.9 Crossbows
 + Level 1.9 Throwing
 + Level 1.9 Armour
 + Level 5.0 Dodging
 + Level 4.6 Stealth
 + Level 1.9 Shields
 + Level 1.9 Unarmed Combat
 + Level 7.4 Spellcasting
 + Level 2.6 Conjurations
 + Level 1.5 Hexes
 + Level 2.6 Summonings
 + Level 1.5 Necromancy
 + Level 2.6 Translocations
 + Level 1.5 Transmutations
 + Level 1.5 Fire Magic
 + Level 1.5 Ice Magic
 + Level 1.5 Air Magic
 + Level 1.5 Earth Magic
 + Level 1.5 Poison Magic
 + Level 2.1 Invocations
 + Level 1.9 Evocations


You had 13 spell levels left.
You knew the following spells:

 Your Spells              Type           Power      Damage    Failure   Level
a - Magic Dart            Conj           52%        1d5       4%          1
b - Blink                 Tloc           N/A        N/A       7%          2
c - Mephitic Cloud        Conj/Pois/Air  11%        N/A       17%         3

Your spell library contained the following spells:

 Spells                   Type           Power      Damage    Failure   Level
 Call Imp                 Summ           13%        N/A       7%          2
 Slow                     Hex            10%        N/A       11%         2
 Sublimation of Blood     Necr           5%         N/A       11%         2
 Wereblood                Tmut           10%        N/A       11%         2
 Conjure Flame            Conj/Fire      11%        6-21      16%         3
 Summon Hydra             Summ           6%         N/A       100%        7


Dungeon Overview and Level Annotations

Branches:
Dungeon (4/15)
 Temple: D:4-7

Altars:
The Shining One


Innate Abilities, Weirdness & Mutations

You have very sharp teeth.
Your uncanny sense of smell can sniff out nearby items.
Your experience applies equally to all skills.


Message History

Casting: Mephitic Cloud (dangerous; 17% risk of failure)
Confirm with . or Enter, or press ? or * to list all spells.
Aiming: Mephitic Cloud (dangerous; 17% risk of failure)
Press: ? - help, Shift-Dir - straight line, p - orc priest You miscast Mephitic Cloud.
You are very lightly contaminated with residual magic.
Nothing appears to happen.
Unknown command.
Unknown command.
Unknown command.
Unknown command.
Casting: Mephitic Cloud (dangerous; 17% risk of failure)
Confirm with . or Enter, or press ? or * to list all spells.
Aiming: Mephitic Cloud (dangerous; 17% risk of failure)
Press: ? - help, Shift-Dir - straight line, f - orc warrior
Aim: an orc warrior, wielding a +0 scimitar and wearing a +0 plate armour (chance to affect: 81%)
You miscast Mephitic Cloud.
Nothing appears to happen.
Unknown command.
Unknown command.
Your magical contamination has completely faded away.
Casting: Mephitic Cloud (dangerous; 17% risk of failure)
Confirm with . or Enter, or press ? or * to list all spells.
Aiming: Mephitic Cloud (dangerous; 17% risk of failure)
Press: ? - help, Shift-Dir - straight line, f/p - orc warrior
Aim: an orc warrior, wielding a +0 scimitar and wearing a +0 plate armour (chance to affect: 81%)
The ball explodes into a vile cloud!
The stinking cloud engulfs the orc warrior but does no damage.
The stinking cloud engulfs you but does no damage.
The orc warrior is engulfed in noxious fumes.
The orc warrior appears confused.
The orc warrior hits you with a +0 scimitar!!
* * * LOW HITPOINT WARNING * * *
Unknown command.
Unknown command.
The orc warrior is engulfed in noxious fumes.
The orc warrior appears confused.
The orc warrior is engulfed in noxious fumes.
The orc warrior appears confused.
The orc warrior hits you with a +0 scimitar!
You die...

#........##..###.....
#................#
#........###.#####
#######..# #..######
.......<.# ##......#
......##.#
######.#######
......##.# #........
##.......### ########>
#####...@.###### #.
###..o○☼°..## ##
#####.○...## ###
##..#..######.. ##
#######............#
∆..##.....#..###..###...
..........#.# ##.###.#.
............# #..##...
............#####..#...


You could see an orc warrior (confused).

Vanquished Creatures
  Sigmund (D:3)
  A lemure (D:4)
  A hound (D:2)
  A jelly (D:4)
  An orc wizard (D:4)
  A hound skeleton (D:4)
  An adder (D:3)
  An adder skeleton (D:4)
  A dart slug (D:3)
  3 orcs
  6 ball pythons
  3 endoplasms
  3 giant cockroaches
  6 goblins
  7 hobgoblins
  4 jackals
  2 quokkas
  6 bats
  5 frilled lizards
  8 kobolds
  8 rats
70 creatures vanquished.

Notes
Turn   | Place    | Note
-------+----------+-------------------------------------------
     0 | D:1      | rogsnak the Gnoll Hedge Wizard began the quest for the Orb.
     0 | D:1      | Reached XP level 1. HP: 13/13 MP: 8/8
   421 | D:1      | Reached XP level 2. HP: 19/19 MP: 7/10
   592 | D:1      | Learned a level 2 spell: Blink
   825 | D:1      | Found a faded altar of an unknown god.
  1369 | D:2      | Reached skill level 1 in Fighting
  1369 | D:2      | Reached skill level 1 in Short Blades
  1369 | D:2      | Reached skill level 1 in Long Blades
  1369 | D:2      | Reached skill level 1 in Axes
  1369 | D:2      | Reached skill level 1 in Maces & Flails
  1369 | D:2      | Reached skill level 1 in Polearms
  1369 | D:2      | Reached skill level 1 in Staves
  1369 | D:2      | Reached skill level 1 in Slings
  1369 | D:2      | Reached skill level 1 in Bows
  1369 | D:2      | Reached skill level 1 in Crossbows
  1369 | D:2      | Reached skill level 1 in Throwing
  1369 | D:2      | Reached skill level 1 in Armour
  1369 | D:2      | Reached skill level 1 in Shields
  1369 | D:2      | Reached skill level 1 in Unarmed Combat
  1369 | D:2      | Reached skill level 1 in Invocations
  1369 | D:2      | Reached skill level 1 in Evocations
  1369 | D:2      | Reached XP level 3. HP: 7/26 MP: 3/11
  1600 | D:2      | Learned a level 3 spell: Mephitic Cloud
  1645 | D:2      | Reached XP level 4. HP: 32/32 MP: 10/13
  2636 | D:3      | Found a glowing golden altar of the Shining One.
  2730 | D:3      | Reached skill level 1 in Hexes
  2730 | D:3      | Reached skill level 1 in Necromancy
  2730 | D:3      | Reached skill level 1 in Transmutations
  2730 | D:3      | Reached skill level 1 in Fire Magic
  2730 | D:3      | Reached skill level 1 in Ice Magic
  2730 | D:3      | Reached skill level 1 in Air Magic
  2730 | D:3      | Reached skill level 1 in Earth Magic
  2730 | D:3      | Reached skill level 1 in Poison Magic
  2827 | D:3      | Noticed Sigmund
  2897 | D:3      | Killed Sigmund
  2898 | D:3      | Reached XP level 5. HP: 28/38 MP: 11/14
  3515 | D:4      | Reached XP level 6. HP: 44/44 MP: 10/16
  3723 | D:4      | Noticed an orc warrior
  4388 | D:4      | Reached skill level 5 in Dodging
  4633 | D:4      | Slain by an orc warrior

Illustrated notes

Levels and vault maps discovered:
D:1:      scummos_arrival_simple_crosswalls, layout_basic,
          shapermc_ecumenical_altar_mp_vishouse
D:2:      layout_loops_ring, minmay_pentomino_o2
D:3:      layout_basic, tso_oasis_becter, eino_curves_01,
          minmay_close_crescents, uniq_sigmund
D:4:      layout_rooms, uniq_pikel

Skill      XL: |  1  2  3  4  5  6 |
---------------+-------------------+-----
Conjurations   | 2 |  2.6
Summonings     | 2 |  2.6
Translocations | 2 |  2.6
Fighting       | 1 |  1.9
Short Blades   | 1 |  1.9
Long Blades    | 1 |  1.9
Axes           | 1 |  1.9
Maces & Flails | 1 |  1.9
Polearms       | 1 |  1.9
Staves         | 1 |  1.9
Slings         | 1 |  1.9
Bows           | 1 |  1.9
Crossbows      | 1 |  1.9
Throwing       | 1 |  1.9
Armour         | 1 |  1.9
Shields        | 1 |  1.9
Unarmed Combat | 1 |  1.9
Invocations    | 1 2 |  2.1
Evocations     | 1 |  1.9
Hexes          | 1 |  1.5
Necromancy     | 1 |  1.5
Transmutations | 1 |  1.5
Fire Magic     | 1 |  1.5
Ice Magic      | 1 |  1.5
Air Magic      | 1 |  1.5
Earth Magic    | 1 |  1.5
Poison Magic   | 1 |  1.5
Dodging        | 5 |  5.0
Stealth        | |  4.6
Spellcasting   | |  7.4

Action                   |  1- 3 |  4- 6 || total
-------------------------+-------+-------++-------
Melee: Dagger            |    10 |    59 ||    69
       Bite              |     2 |     5 ||     7
 Cast: Magic Dart        |    62 |   122 ||   184
       Mephitic Cloud    |       |     8 ||     8
Armor: Robe              |     1 |     3 ||     4
Dodge: Dodged            |    18 |    34 ||    52
